AoeStats
← Hugh Jass

Fortress

510211855Analyzed
3v3 RM · 3d ago on Sep 30, 2026· 62m 27s· 6 players
Game mode
Random Map
Map size
Large (8 player)
Population
200
Speed
Normal
Resources
Standard
Victory
Conquest
Starting age
Dark Age
Ending age
Imperial Age
RankedLock teamsTeams togetherTeam positionsShared explorationLock speedFull tech treeHidden civsTurbo modeCheats
Victory
Defeat
🇨🇦 Bohemians · Canada
724
+16
🇦🇺 Spanish · Australia
702
+17
🇦🇷 Chinese · Argentina
645
+21
🇧🇴 Varangians · Bolivia
749
-19
🇧🇴 Danes · Bolivia
724
-18
🇧🇴 Lithuanians · Bolivia
711
-17
fat sandwiches
7:24 Feudal Age
15:30 Castle Age
13:14 Horse Collar
13:20 Double-Bit Axe
13:29 Gold Mining
17:57 Wheelbarrow
17:08 Town Watch
19:01 Squires
18:47 Gambesons
18:49 Arson
19:57 Hand Cart
21:37 Ballistics
21:14 Murder Holes
21:30 Fortified Wall
21:43 Stone Mining
28:32 Imperial Age
25:26 Pikeman
28:46 Husbandry
28:57 Bloodlines
28:08 Light Cavalry
28:49 Elite Conquistador
29:50 Conscription
31:54 Chemistry
30:48 Fletching
33:03 Hoardings
32:55 Bodkin Arrow
33:31 Bow Saw
35:29 Caravan
39:51 Two-Man Saw
39:48 Bracer
39:53 Padded Archer Armor
40:39 Heavy Plow
40:54 Forging
40:45 Scale Mail Armor
41:31 Guilds
41:48 Thumb Ring
42:42 Loom
43:42 Halberdier
47:32 Cavalier
47:34 Hussar
50:24 Paladin
52:40 Iron Casting
52:06 Scale Mail Armor
52:21 Leather Archer Armor
52:12 Scale Barding Armor
56:31 Town Patrol
57:35 Blast Furnace
57:06 Ring Archer Armor
Hugh Jass
8:08 Feudal Age
8:20 Feudal Age
17:50 Castle Age
16:05 Double-Bit Axe
24:21 Imperial Age
22:08 Bow Saw
22:15 Caravan
24:11 Wheelbarrow
26:59 Pikeman
29:27 Halberdier
34:06 Hand Cart
35:55 Chemistry
42:02 Two-Man Saw
45:49 Houfnice
47:24 Elite Hussite Wagon
50:12 Siege Engineers
50:03 Murder Holes
51:56 Fervor
62:03 Wagenburg Tactics
62:21 Conscription
DiamanteX3191
9:33 Feudal Age
8:41 Loom
10:56 Gold Mining
11:44 Wheelbarrow
10:53 Horse Collar
11:00 Double-Bit Axe
15:47 Castle Age
17:29 Gold Shaft Mining
16:50 Stone Mining
17:14 Bow Saw
18:27 Hand Cart
21:54 Imperial Age
22:34 Fletching
22:44 Padded Archer Armor
22:53 Heavy Plow
24:47 Two-Man Saw
23:41 Town Watch
26:46 Elite Chu Ko Nu
28:40 Bodkin Arrow
29:01 Leather Archer Armor
29:59 Thumb Ring
31:02 Chemistry
30:14 Fortified Wall
31:37 Bracer
32:08 Ring Archer Armor
32:08 Conscription
35:43 Ballistics
35:36 Masonry
36:11 Stone Shaft Mining
39:40 Guard Tower
39:35 Arrowslits
40:21 Architecture
39:48 Murder Holes
41:10 Caravan
41:41 Great Wall
42:55 Keep
44:05 Elite Fire Lancer
44:45 Squires
45:01 Town Patrol
49:58 Scale Mail Armor
50:09 Forging
50:06 Pikeman
50:31 Arson
HSSSJA
2:05 Loom
7:46 Feudal Age
16:52 Castle Age
18:00 Fletching
21:01 Wheelbarrow
24:39 Double-Bit Axe
24:49 Gold Mining
28:58 Imperial Age
27:35 Scale Mail Armor
29:27 Gold Shaft Mining
31:43 Conscription
31:25 Elite Skirmisher
34:48 Bodkin Arrow
35:07 Forging
35:51 Bow Saw
35:55 Bracer
35:56 Town Watch
38:53 Iron Casting
39:05 Hand Cart
38:57 Padded Archer Armor
42:42 Chain Mail Armor
43:28 Blast Furnace
49:30 Elite Varangian Guard
55:38 Elite Jomsviking
56:05 Heavy Scorpion
Polsters73
7:31 Feudal Age
9:30 Loom
15:08 Castle Age
13:31 Double-Bit Axe
13:29 Horse Collar
14:53 Fletching
16:54 Gold Mining
29:31 Scale Barding Armor
29:39 Forging
32:42 Imperial Age
30:24 Squires
31:55 Wheelbarrow
31:21 Stone Mining
32:36 Chain Barding Armor
32:52 Iron Casting
33:53 Hand Cart
33:16 Pikeman
33:45 Gambesons
33:55 Gambesons
34:49 Plate Barding Armor
34:40 Conscription
35:26 Ballistics
35:02 Murder Holes
35:15 Bodkin Arrow
37:39 Blast Furnace
36:41 Bracer
37:36 Elite Jarl
37:42 Vendel Legacy
40:23 Town Watch
40:49 Elite Skirmisher
41:34 Caravan
42:22 Padded Archer Armor
45:58 Leather Archer Armor
47:32 Gothikon
53:13 Ring Archer Armor
55:20 Elite Varangian Guard
56:06 Husbandry
56:17 Bloodlines
licolas
9:15 Feudal Age
17:31 Castle Age
16:10 Loom
16:28 Horse Collar
17:54 Padded Archer Armor
18:23 Thumb Ring
22:06 Leather Archer Armor
22:46 Husbandry
23:27 Elite Skirmisher
24:15 Scale Barding Armor
24:04 Fletching
24:20 Heavy Plow
25:29 Double-Bit Axe
29:42 Ballistics
32:17 Forging
35:02 Bodkin Arrow
35:29 Chain Barding Armor
39:52 Imperial Age
41:49 Ring Archer Armor
41:20 Bracer
43:00 Bloodlines
42:12 Light Cavalry
44:57 Plate Barding Armor
47:18 Iron Casting
48:50 Tower Shields
49:54 Chemistry
50:18 Crop Rotation
Connection lost

Rejoining the realm…

Still unreachable

The connection could not be restored.

Session expired

The server has moved on; the page needs a fresh start.